 Dungeon Crawl Stone Soup version 0.17-a0-1378-g281efdd (webtiles) character file.

3298 bal the Covert (level 10, -5/94 HPs)
             Began as an Octopode Conjurer on June 14, 2015.
             Was a Follower of Sif Muna.
             Slain by a yak (9 damage)
             ... on level 9 of the Dungeon.
             The game lasted 00:55:06 (8918 turns).

bal the Covert (Octopode Conjurer)                  Turns: 8918, Time: 00:55:06

Health: -5/94      AC: 25    Str:  7    XL:     10   Next: 1%
Magic:  7/16       EV:  2    Int: 21    God:    Sif Muna [*.....]
Gold:   516        SH:  0    Dex: 15    Spells: 5 memorised, 2 levels left

rFire  + . .     SeeInvis .     a - +3 dagger (speed)
rCold  . . .     Clarity  .     (no shield)
rNeg   + + +     SustAt   .     (helmet currently unavailable)
rPois  +         Gourm    .     i - amulet of warding
rElec  .         Spirit   .     j - ring of protection from fire
rCorr  .         Warding  +     e - ring of poison resistance
rMut   .         NoTele   +     (no ring)
MR     .....                    (no ring)
Stlth  +++++++...               (no ring)
                                (no ring)
                                (no ring)
                                (no ring)

@: tree-form, very slightly contaminated, slowed, very slow, not resistant to
hostile enchantments, extremely stealthy
A: almost no armour, amphibious, 8 rings, (constrict 8), (camouflage 0), agile
1, (gelatinous body 0)
a: Channel Energy, Renounce Religion


You were on level 9 of the Dungeon.
You worshipped Sif Muna.
Sif Muna was aware of your devotion.
You were not hungry.
You were a tree.
You visited 1 branch of the dungeon, and saw 9 of its levels.
You also visited: Sewer.

You collected 516 gold pieces.

Inventory:

Hand weapons
 a - a +3 dagger of speed (weapon)
 b - a +0 hunting sling
 r - a +3 dagger
 z - a +0 blowgun
Missiles
 c - 75 sling bullets
 k - 7 curare-tipped needles
 l - 15 tomahawks (quivered)
 o - 29 poisoned needles
 u - 5 javelins
 D - 17 sling bullets of flame
Magical staves
 A - an uncursed staff of wizardry
Jewellery
 e - a ring of poison resistance (right branch)
 h - an uncursed amulet of guardian spirit {unknown}
 i - an amulet of warding (around neck)
 j - a ring of protection from fire (left branch)
 B - an uncursed amulet of the gourmand {unknown}
 C - an uncursed ring of poison resistance
Magical devices
 m - a wand of enslavement (0)
 t - a wand of heal wounds (0)
 w - a wand of fire (0)
Scrolls
 g - 2 scrolls of enchant weapon
 v - a scroll of recharging
 y - 3 scrolls of remove curse
Potions
 f - a potion of curing
 s - a potion of cancellation
Books
 q - a book of Conjurations

   Spells                             Type                      Level
   a - Magic Dart                     Conjuration                  1
   b - Searing Ray                    Conjuration                  2
   c - Dazzling Spray                 Conjuration/Hexes            3
   d - Fulminant Prism                Conjuration/Hexes            4
   e - Iskenderun's Mystic Blast      Conjuration                  4
   f - Iskenderun's Battlesphere      Conjuration/Charms           5
Comestibles
 d - 2 meat rations
 p - 7 bread rations
 E - a slice of pizza


   Skills:
 + Level 3.5 Fighting
 + Level 3.3 Short Blades
 + Level 1.2(1.8) Slings
 + Level 2.0(2.1) Throwing
 + Level 5.7 Dodging
 + Level 10.8 Stealth
 + Level 1.1 Unarmed Combat
 + Level 4.5 Spellcasting
 + Level 6.9 Conjurations
 + Level 2.1 Hexes
 + Level 0.6 Charms
 + Level 2.7 Evocations


You had 2 spell levels left.
You knew the following spells:

 Your Spells              Type           Power        Failure   Level  Hunger
a - Magic Dart            Conj           ####         1%          1    None
b - Searing Ray           Conj           ####..       1%          2    #......
c - Iskenderun's Mystic   Conj           ####....     8%          4    ####...
d - Fulminant Prism       Conj/Hex       ###.......   21%         4    ####...
e - Iskenderun's Battles  Conj/Chrm      ###.....     78%         5    ######.


Dungeon Overview and Level Annotations

Branches:
Dungeon (9/15)             Temple (0/1) D:6
   Lair: D:8-11         Orc: D:9-12

Altars:
Cheibriados
Dithmenos
Makhleb
Okawaru
Qazlal
Sif Muna
Trog
Yredelemnul


Innate Abilities, Weirdness & Mutations

You cannot wear most types of armour.
You are amphibious.
You can wear up to eight rings at the same time.
((You can use your tentacles to constrict eight enemies at once.))
((Your skin changes colour to match your surroundings (Stealth).))
((Your rubbery body absorbs attacks (AC +1).))
You are agile. (Dex +2)


Message History

You hit the yak.
The yak is lightly wounded.
The orc hits you but does no damage. The yak gores you but does no damage.
You hit the yak.
The yak is lightly wounded.
The orc hits you but does no damage. x2
The yak gores you but does no damage.
You hit the yak.
The yak is lightly wounded.
The orc hits you but does no damage.
An orc priest comes into view.
You barely miss the yak.
The yak is lightly wounded.
The orc priest shouts!
The yak gores you but does no damage. The orc hits you but does no damage.
The orc hits you but does no damage.
You hit the yak.
The yak is lightly wounded.
The yak gores you!
You die...

#.#Y.# ###
#.#..#
....###.#..#
...........#
#.........##
.#####.#o#
#.#.#######
#.#oo....$.
##.#♣##
#..#Y#
#.##Y#
#.##.#
#.####.##.#
.....Y...†.#
.....Y..####
#.####..#
#...


You could see 2 yaks, an orc priest and 2 orcs.

Vanquished Creatures
  Joseph (D:9)
  2 yaks (D:9)
  A hippogriff (D:7)
  A water moccasin (D:8)
  Purgy (Sewer)
  4 ogres
  A phantom (D:6)
  A black bear (D:9)
  2 centaurs
  A sky beast (D:6)
  A necrophage (D:6)
  2 giant frogs (D:7)
  2 scorpions
  2 wights (D:6)
  3 killer bees (D:9)
  A quasit (D:6)
  A crimson imp (D:7)
  3 hounds
  3 orc wizards
  A jelly (D:6)
  2 iguanas
  A giant frog skeleton (D:5)
  A centaur skeleton (D:5)
  6 worker ants
  A killer bee zombie (D:8)
  3 hound skeletons
  2 worker ant zombies (D:6)
  7 adders
  A river rat (D:5)
  A shadow imp (D:8)
  An ooze (D:2)
  3 adder skeletons
  6 worms
  7 giant geckos
  11 orcs
  2 bat skeletons
  8 giant cockroaches
  11 goblins
  14 hobgoblins
  17 jackals
  7 quokkas
  2 ball pythons
  13 bats
  A giant gecko zombie (D:8)
  4 giant newts
  13 kobolds
  15 rats
194 creatures vanquished.

Vanquished Creatures (collateral kills)
  A yak (D:9)
  A goblin (D:6)
2 creatures vanquished.

Vanquished Creatures (others)
  An ogre (D:9)
  20 fulminant prisms
21 creatures vanquished.

Grand Total: 217 creatures vanquished

Notes
Turn   | Place    | Note
--------------------------------------------------------------
     0 | D:1      | bal the Octopode Conjurer began the quest for the Orb.
     0 | D:1      | Reached XP level 1. HP: 11/11 MP: 3/3
   334 | D:1      | Reached XP level 2. HP: 12/17 MP: 5/5
   354 | D:1      | Learned a level 2 spell: Searing Ray
   707 | D:1      | Reached XP level 3. HP: 21/21 MP: 2/6
  1378 | D:2      | Reached XP level 4. HP: 24/27 MP: 7/7
  1455 | D:2      | Found a faded altar to an unknown god.
  2208 | D:2      | Reached skill level 1 in Unarmed Combat
  2390 | D:3      | Found a snail-covered altar of Cheibriados.
  2823 | D:3      | Reached XP level 5. HP: 28/32 MP: 6/8
  2824 | D:3      | Found an iron altar of Okawaru.
  2857 | D:3      | Learned a level 4 spell: Iskenderun's Mystic Blast
  3272 | D:4      | Reached skill level 5 in Stealth
  3356 | D:5      | Entered Level 5 of the Dungeon
  3372 | D:5      | Found a deep blue altar of Sif Muna.
  3383 | D:5      | Became a worshipper of Sif Muna the Loreminder
  3444 | D:5      | Found a glowing drain.
  3448 | Sewer    | Entered a sewer
  3523 | Sewer    | Noticed Purgy
  3529 | Sewer    | Killed Purgy
  3529 | Sewer    | Reached skill level 1 in Fighting
  3529 | Sewer    | Reached skill level 1 in Short Blades
  3529 | Sewer    | Reached skill level 6 in Stealth
  3529 | Sewer    | Reached XP level 6. HP: 23/38 MP: 8/10
  3739 | D:5      | Reached skill level 1 in Throwing
  3877 | D:5      | Reached skill level 5 in Conjurations
  3916 | D:5      | Reached skill level 7 in Stealth
  3968 | D:5      | Reached XP level 7. HP: 33/43 MP: 11/11
  4036 | D:5      | Noticed an ogre
  4140 | D:5      | Killed an ogre
  4741 | D:6      | Found a staircase to the Ecumenical Temple.
  4804 | D:6      | Reached skill level 8 in Stealth
  4843 | D:6      | Found a bloodstained altar of Trog.
  4928 | D:6      | Reached XP level 8. HP: 46/49 MP: 10/12
  4930 | D:6      | Found a burning altar of Makhleb.
  4945 | D:6      | Reached skill level 9 in Stealth
  5279 | D:6      | Gained mutation: You are robust (+10% HP). [mutagenic meat]
  5280 | D:6      | Lost mutation: You are robust (+10% HP). [mutagenic meat]
  5281 | D:6      | Gained mutation: You are agile. (Dex +2) [mutagenic meat]
  5462 | D:6      | Reached skill level 1 in Evocations
  5842 | D:6      | Reached skill level 10 in Stealth
  6098 | D:6      | Learned a level 4 spell: Fulminant Prism
  6307 | D:7      | Found a stormy altar of Qazlal.
  6447 | D:7      | Reached XP level 9. HP: 33/55 MP: 3/14
  6573 | D:7      | Reached skill level 1 in Slings
  6974 | D:7      | Reached skill level 5 in Dodging
  7174 | D:8      | Found a flagged portal.
  7597 | D:8      | Acquired Sif Muna's first power
  8193 | D:9      | Reached skill level 1 in Hexes
  8344 | D:9      | Found a basalt altar of Yredelemnul.
  8344 | D:9      | Found a shadowy altar of Dithmenos.
  8627 | D:8      | Learned a level 5 spell: Iskenderun's Battlesphere
  8716 | D:9      | Noticed Joseph
  8738 | D:9      | Killed Joseph
  8809 | D:9      | Reached XP level 10. HP: 56/63 MP: 8/16
  8913 | D:9      | HP: 3/94 [yak (10)]
  8918 | D:9      | Slain by a yak

Vault maps used:
D:1:      tarquinn_simple_flora_water_f, minmay_ruptured
D:2:      ecumenical_altar_2, item_on_display_a
D:3:      cheibriados_altar_1, okawaru_metal_pillars_1_2
D:4:      nicolae_ru_the_path_less_chosen, nemelex_deck
D:5:      basic_altar, gup_sewer_entry_spiral, first_bread
D:6:      lightli_temple_of_fire, minmay_temple_entry_large_hall,
          makhleb_blood_cavern_becter
D:7:      kennysheep_mini_moat
D:8:      serial_aquarium, aquarium_bridge_long_separate,
          aquarium_bridge_island_small, aquarium_window_1, aquarium_window_3,
          aquarium_window_1, aquarium_view_2d, enter_bailey_3
D:9:      amethyst_overflow_temple_binary, orc_0_dummy, uniq_joseph
Sewer:    kennysheep_door_sewer

Action                   |  1- 3 |  4- 6 |  7- 9 | 10-12 || total
-------------------------+-------+-------+-------+-------++-------
Melee: Unarmed           |    56 |       |       |       ||    56
       Dagger            |     4 |    80 |   208 |    21 ||   313
 Fire: Hunting sling     |       |       |     9 |       ||     9
Throw: Tomahawk          |       |     6 |    11 |       ||    17
 Cast: Magic Dart        |    32 |    12 |    28 |     1 ||    73
       Searing Ray       |     5 |    10 |     8 |       ||    23
       Iskenderun's Myst |       |     1 |    27 |       ||    28
       Fulminant Prism   |       |       |    16 |     4 ||    20
Evoke: Wand              |       |       |    14 |       ||    14
  Use: Scroll            |     3 |     4 |    13 |     1 ||    21
       Potion            |     2 |     3 |     4 |     1 ||    10
 Stab: Sleeping          |     5 |    22 |    17 |       ||    44
       Distracted        |       |     1 |       |       ||     1
  Eat: Chunk             |     2 |     5 |     9 |       ||    16
       Bread ration      |       |     1 |     1 |       ||     2
       Meat ration       |       |       |     2 |       ||     2
       Fruit             |       |       |     6 |       ||     6
